 Dungeon Crawl Stone Soup version 0.27.1-34-g3ba077fa99 (webtiles) character file.

Game seed: 2068909827382422238

79 Descartes the Grasshopper (level 4, 0/33 HPs)
             Began as a Formicid Warper on Jan 25, 2022.
             Slain by a black bear (3 damage)
             ... on level 3 of the Dungeon.
             The game lasted 00:04:15 (2100 turns).

Descartes the Grasshopper (Formicid Warper)         Turns: 2100, Time: 00:04:15

Health: 0/33       AC: 10    Str: 17    XL:     4   Next: 62%
Magic:  7/7        EV:  7    Int: 12    God:
Gold:   50         SH:  0    Dex: 10    Spells: 7/7 levels left

rFire    . . .     SeeInvis +   i - +4 club
rCold    . . .     Faith    .   (no shield)
rNeg     . . .     Spirit   .   k - +0 chain mail
rPois    .         Reflect  .   (helmet unavailable)
rElec    .         Harm     .   (no cloak)
rCorr    .         Rampage  .   l - +0 pair of gloves
Will     .....                  (no boots)
Stlth    ..........             (no amulet)
HPRegen  0.11/turn              (no ring)
MPRegen  0.10/turn              (no ring)

@: no status effects
A: permanent stasis, dig shafts and tunnels, antennae 3, four strong arms
a: Dig, Shaft Self


You were on level 3 of the Dungeon.
You visited 1 branch of the dungeon, and saw 3 of its levels.

You collected 50 gold pieces.

Inventory:

Hand Weapons
 a - a +0 falchion
 i - a +4 club (weapon)
Missiles
 c - 5 boomerangs of dispersal (quivered)
 e - 43 stones
 j - 3 curare-tipped darts
 p - 3 boomerangs
Armour
 k - a +0 chain mail (worn)
 l - a +0 pair of gloves (worn)
Scrolls
 d - 2 scrolls of identify
 m - a scroll of fear
 n - a scroll of silence {unknown}
Potions
 b - a potion of degeneration {unknown}
 f - a potion of lignification {unknown}
 g - a potion of flight {unknown}
 h - a potion of brilliance {unknown}
 o - a potion of curing


   Skills:
 - Level 2.1 Fighting
 - Level 2.0 Long Blades
 - Level 1.0 Throwing
 + Level 2.8 Armour
 - Level 1.7 Dodging
 - Level 2.1 Spellcasting
 + Level 4.0 Translocations


You had 7 spell levels left.
You didn't know any spells.
Your spell library contained the following spells:

 Spells                   Type           Power      Damage    Failure   Level
 Gell's Gravitas          Tloc           5%         N/A       94%         3
 Lesser Beckoning         Tloc           5%         N/A       94%         3
 Teleport Other           Tloc           10%        N/A       94%         3
 Freezing Cloud           Conj/Ice/Air   0%         6-21      100%        5
 Manifold Assault         Tloc           10%        N/A       100%        5
 Simulacrum               Ice/Necr       0%         N/A       100%        6
 Polar Vortex             Ice            0%         N/A       100%        9
 Blink                    Tloc           Unusable   N/A       N/A         2

Dungeon Overview and Level Annotations

Branches:
Dungeon (3/15)

Altars:
Fedhas
Makhleb
Vehumet


Innate Abilities, Weirdness & Mutations

You cannot be hasted, slowed, berserked, paralysed or teleported.
You can dig through walls and to a lower floor.
You have a pair of large antennae on your head. (SInv)
Your four strong arms can wield two-handed weapons with a shield.


Message History

The kobold is heavily wounded.
The kobold hits you with a +0 short sword.
The black bear completely misses you. The black bear claws you.
The black bear claws you but does no damage.
The kobold hits you but does no damage.
The kobold hits you with a +0 short sword.
You hit the kobold.
You kill the kobold!
Your chain mail prevents you from hitting the black bear.
The black bear bites you but does no damage.
The black bear claws you but does no damage. x2
You closely miss the black bear. The black bear bites you.
The black bear claws you but does no damage.
The black bear claws you.
* * * LOW HITPOINT WARNING * * *
The black bear barely misses you.
The black bear claws you but does no damage.
The black bear barely misses you.
It was a potion of curing.
You feel better.
The black bear bites you but does no damage.
The black bear claws you.
The black bear claws you but does no damage.
You hit the black bear.
The black bear is lightly wounded.
The black bear bites you.
* * * LOW HITPOINT WARNING * * *
The black bear claws you but does no damage.
The black bear claws you.
* * * LOW HITPOINT WARNING * * *
You hit the black bear.
The black bear is lightly wounded.
The black bear barely misses you. The black bear closely misses you.
The black bear claws you.
* * * LOW HITPOINT WARNING * * *
You barely miss the black bear.
The black bear is lightly wounded.
The black bear closely misses you.
The black bear claws you but does no damage.
The black bear barely misses you. The black bear bites you.
You die...

#......... .=.
##......... .. .##
......#... .####
#......... ..... #......#
#.### #.†...# #.###
#.....# ...# #####.####
#####..#
###..@h.#######......#
####...#####.......###..+
..............#######
#..# ############### #..#
##.# #.. ##. ##


You could see a black bear.

Vanquished Creatures
  Robin (D:2)
  2 adders (D:2)
  4 endoplasms
  3 giant cockroaches
  8 goblins
  6 hobgoblins (D:2)
  3 quokkas
  2 ball pythons
  2 bats (D:1)
  3 frilled lizards (D:1)
  5 kobolds
  5 rats
  A spectral kobold (D:2)
45 creatures vanquished.

Notes
Turn   | Place    | Note
-------+----------+-------------------------------------------
     0 | D:1      | Descartes the Formicid Warper began the quest for the Orb.
     0 | D:1      | Reached XP level 1. HP: 16/16 MP: 3/3
   421 | D:1      | Reached skill level 3 in Translocations
   657 | D:1      | Reached XP level 2. HP: 22/22 MP: 5/5
   969 | D:2      | Found a burning altar of Makhleb.
  1110 | D:2      | Reached XP level 3. HP: 27/27 MP: 6/6
  1646 | D:2      | Found a faded altar of an unknown god.
  1656 | D:2      | Became a worshipper of Fedhas Madash
  1656 | D:2      | Reached * piety under Fedhas
  1657 | D:2      | Fell from the grace of Fedhas
  1722 | D:2      | Noticed Robin
  1754 | D:2      | Reached XP level 4. HP: 30/33 MP: 7/7
  1773 | D:2      | Killed Robin
  2030 | D:3      | Found a radiant altar of Vehumet.
  2083 | D:3      | Noticed a black bear
  2085 | D:3      | Reached skill level 4 in Translocations
  2100 | D:3      | Slain by a black bear

Illustrated notes

Levels and vault maps discovered:
D:1:      evilmike_arrival_plus, layout_rooms, minmay_misc_feat_alley,
          minmay_misc_feat_hallway
D:2:      layout_rooms, dreamdust_ecumenical_altar_drowned_temple, basic_altar,
          uniq_robin
D:3:      layout_rooms, trog_hazing_becter, nicolae_vehumet_altar_sigil,
          gup_sewer_entry_pipe

Skill      XL: |  1  2  3  4 |
---------------+-------------+-----
Translocations | 3 4 |  4.0
Armour         | 2 |  2.8
Fighting       | |  2.1
Long Blades    | |  2.0
Throwing       | |  1.0
Dodging        | |  1.7
Spellcasting   | |  2.1

Action                   |  1- 3 |  4- 6 || total
-------------------------+-------+-------++-------
Melee: Falchion          |   110 |    35 ||   145
       Club              |       |    41 ||    41
Invok: Renounce Religion |     1 |       ||     1
 Abil: Dig               |     1 |       ||     1
  Use: Scroll            |       |     1 ||     1
       Potion            |       |     1 ||     1
Armor: Leather armour    |    25 |       ||    25
       Ring mail         |     3 |       ||     3
       Chain mail        |    33 |    50 ||    83
Dodge: Dodged            |    77 |    26 ||   103
       Rpst.: Falchion   |    19 |     5 ||    24
